Workbook

Sheet VALOR ESTIMADO
B2: VALOR TOTAL ESTIMADO
B3: SEMS | C3: Item | D3: Descrição | E3: Qtd Postos | F3: Valor Máximo do Posto | G3: Valor Mensal Posto | H3: Valor Anual Posto
B5: G6 - SEMS/TO | C5: 1 | D5: Apoio Administrativo - Nível Médio - TO | E5: 12 | F5: =POSTOS!E188 -> 4867.34 | G5: =F5*E5 -> 58408.08 | H5: =G5*12 -> 700896.96 | J5: =F5*12 -> 58408.08
C6: 2 | D6: Apoio Administrativo - Nível Superior - TO | E6: 3 | F6: =POSTOS!F188 -> 8042.74 | G6: =F6*E6 -> 24128.22 | H6: =G6*12 -> 289538.64 | J6: =F6*12 -> 96512.88
C7: TOTAL TOCANTINS - PALMAS | G7: =SUM(G5:G6) -> 82536.3 | H7: =SUM(H5:H6) -> 990435.6

Sheet POSTOS
B2: MODELO DE PLANILHA DE CUSTOS E FORMAÇÃO DE PREÇOS - IN 05/2017 e alterações
B4: Módulo 1 - Composição da Remuneração (Redação dada pela Instrução Normativa nº 7, de 2018)
E5: TOCANTINS - PALMAS
E6: CCT 2025/2026 - TO000044/2025
E7: Apoio - NM | F7: Apoio- NS
B8: CARGO UTILIZADO COM BASE NA CCT | E8: Aux. Adm. | F8: Analista Adm.
B9: 1 | C9: Composição da Remuneração | D9: Percentual | E9: Valor (R$) | F9: Valor (R$)
B10: A | C10: Salário-Base | E10: 1958.62 | F10: 3669.04
B11: B | C11: Adicional de Insalubridade
B12: C | C12: Adicional de Insalubridade
B13: D | C13: Adicional Noturno - 22h00 às 05h00
B14: E | C14: Adicional de Hora Noturna Reduzida
B15: F | C15: Adicional de Periculosidade
B16: Total | E16: =SUM(E10:E15) -> 1958.62 | F16: =SUM(F10:F15) -> 3669.04
B17: G | C17: Incidência dos Encargos do Submódulo 2.2 sobre a composição da remuneração | D17: =D52 -> 0.358 | E17: =$D$17*E16 -> 701.18596 | F17: =$D$17*F16 -> 1313.5163
B19: Nota: O Módulo 1 refere-se ao valor mensal devido ao empregado pela prestação do serviço.
B20: Nota Equipe de Planejamento: Foi criada a alínea "G" na qual aplicamos o total dos percentuais do Submódulo 2.2 sobre o Módulo 1. Em virtude da incidência contida na alínea "G" esses percentuais foram excluídos do Submódulo 2.2.
B21: Nota Equipe de Planejamento: Os valores dos salários foram retirados da Cláusula Terceira - Salário Mínimo da Categoria e Pisos Salariais da Convenção Coletiva de Trabalho 2023/2023 - SEAC/DF x SITTRATER/DF nº de Registro no MTE DF000037/2023.
B22: Nota Equipe de Planejamento - Cálculo do Adicional Noturno: Salário-hora = Salário-base/Divisor de horas mensais. Adicional Noturno = (Salário-hora x Percentual do Adicional) x Nº horas previstas diariamente x Nº médio de dias trabalhados. Onde: Salário-base: salário definido para o posto. Divisor de horas mensais: para a jornada de 44h semanais, o divisor aplicável é de 220 horas. Percentual do Adicional: acréscimo de no mínimo 20% (vinte por cento) sobre o valor da hora diurna, salvo determinação de percentual superior estabelecido em CCT. Número de horas previstas diariamente: no caso em tela, para os postos com previsão de horário de trabalho até 00h, foram consideradas 2h. Destaca-se que o pagamento será pelo efetivo consumo/utilização. Número médio de dias trabalhados: (365 dias/12 meses = 30,42 dias) x (5 dias (seg-sex) / 7 dias por semana) = 21,73 dias - [12 feriados no ano * (probabilidade de não coincidir com sábado e domingo 5/7) / 12 meses] = 21,01 dias/mês.
B23: Nota Equipe de Planejamento - Cálculo da Hora Noturna Reduzida: Salário-hora com adicional noturno = (Salário-base/Divisor de horas mensais) x 120%. Adicional de Hora Noturna Reduzida = (Nº horas previstas diariamente x Nº médio de dias trabalhados) x (Fator de conversão) x (Salário-hora acrescido do Adicional Noturno). Onde: Salário-base: salário definido para o posto.Divisor de horas mensais: para a jornada de 44h semanais, o divisor aplicável é de 220 horas.Número de horas previstas diariamente: no caso em tela, para os postos com previsão de horário de trabalho até 00h, foram consideradas 2h. Destaca-se que o pagamento será pelo efetivo consumo/utilização.Número médio de dias trabalhados: (365 dias/12 meses = 30,42 dias) x (5 dias (seg-sex) / 7 dias por semana) = 21,73 dias - [12 feriados no ano * (probabilidade de não coincidir com sábado e domingo 5/7) / 12 meses] = 21,01 dias/mês. Fator de conversão: correspondente a divisão de 60 minutos por 52,5 (decimal de 52'30") menos 1, resultando em 0,142857143.
B25: Módulo 2 - Encargos e Benefícios Anuais, Mensais e Diários
B26: Submódulo 2.1 - 13º (décimo terceiro) Salário, Férias e Adicional de Férias
E27: Aux. Adm. | F27: Analista Adm.
B28: 2.1 | C28: 13º (décimo terceiro) Salário, Férias e Adicional de Férias | D28: Percentual | E28: Valor (R$) | F28: Valor (R$)
B29: A | C29: 13º (décimo terceiro) Salário | D29: =(1/12) -> 0.083333333 | E29: =$D$29*E16 -> 163.21833 | F29: =$D$29*F16 -> 305.75333
B30: B | C30: Férias e Adicional de Férias (9,075% + 3,025%) | D30: 0.121 | E30: =$D$30*E16 -> 236.99302 | F30: =$D$30*F16 -> 443.95384
B31: Total | D31: =SUM(D29:D30) -> 0.20433333 | E31: =SUM(E29:E30) -> 400.21135 | F31: =SUM(F29:F30) -> 749.70717
B32: C | C32: Incidência dos Encargos do Submódulo 2.2 sobre o 13º salário, férias e adicional | D32: 0.0782 | E32: =$D$32*E16 -> 153.16408 | F32: =$D$32*F16 -> 286.91893
B33: Nota 1: Como a planilha de custos e formação de preços é calculada mensalmente, provisiona-se proporcionalmente 1/12 (um doze avos) dos valores referentes a gratificação natalina, férias e adicional de férias. (Redação dada pela Instrução Normativa nº 7, de 2018)
B34: Nota 2: O adicional de férias contido no Submódulo 2.1 corresponde a 1/3 (um terço) da remuneração que por sua vez é divido por 12 (doze) conforme Nota 1 acima.
B35: Nota 3: Levando em consideração a vigência contratual prevista no art. 57 da Lei nº 8.666, de 23 de junho de 1993, a rubrica férias tem como objetivo principal suprir a necessidade do pagamento das férias remuneradas ao final do contrato de 12 meses. Esta rubrica, quando da prorrogação contratual, torna-se custo não renovável. (Incluído pela Instrução Normativa nº 7, de 2018).
B36: Nota Equipe de Planejamento: Os percentuais utilizados foram retirados da tabela do Anexo XII da IN nº 05/2017. Em virtude da incidência contida na alínea "C" esses percentuais foram excluídos do Submódulo 2.2.
B37: Décimo Terceiro Salário: A gratificação natalina corresponderá a 1/12 avos da remuneração devida ao empregado: [(1/12)x100] = 8,33%.
B38: Férias e Adicional de Férias: Férias + abono de férias = 12,10% Férias: Definido na IN nº 5/2017 = 9,075% Abono de férias: IN nº 5/2017: 3,025% sobre a base de cálculo. OBS: A IN nº 5/2017 estabelece que as férias apresentem um percentual de 9,075%, logo, para calcular o abono, basta dividir 9,075/3 = 3,025%
B39: Incidência dos Encargos do Submódulo 2.2 sobre o 13º salário, férias e adicional: 36,80%*(9,09%+12,12%) = 7,82%. Foi considerado o percentual de 9,09% para o 13º Salário (1/11) e 12,10% para férias e adicional (1/11)+(1/3/11) segundo o Caderno de Logística de Conta Vinculada Ed. 2018 elaborado pelo então Ministério do Planejamento, Desenvolvimento e Gestão. Secretaria de Gestão.
B41: Submódulo 2.2 - Encargos Previdenciários (GPS), Fundo de Garantia por Tempo de Serviço (FGTS) e outras contribuições.
E42: Aux. Adm. | F42: Analista Adm.
B43: 2.2 | C43: GPS, FGTS e outras contribuições | D43: Percentual | E43: Valor (R$) | F43: Valor (R$)
B44: A | C44: INSS - Empregador | D44: 0.2
B45: B | C45: Salário Educação | D45: 0.025
B46: C | C46: SAT | D46: 0.02
B47: D | C47: SESC ou SESI * | D47: 0.015
B48: E | C48: SENAI - SENAC* | D48: 0.01
B49: F | C49: SEBRAE | D49: 0.006
B50: G | C50: INCRA | D50: 0.002
B51: H | C51: FGTS | D51: 0.08
B52: Total | D52: =SUM(D44:D51) -> 0.358
B53: Nota 1: Os percentuais dos encargos previdenciários, do FGTS e demais contribuições são aqueles estabelecidos pela legislação vigente.
B54: Nota 2: O SAT a depender do grau de risco do serviço irá variar entre 1%, para risco leve, de 2%, para risco médio, e de 3% de risco grave.
B55: Nota 3: Esses percentuais incidem sobre o Módulo 1, o Submódulo 2.1. (Redação dada pela Instrução Normativa nº 7, de 2018)
B56: Atenção à Nota 3: Como visto nas notas anteriores, adequamos o cálculo referente ao Módulo 1 e ao Submódulo 2.1. Não há incidência do Submódulo 2.2 sobre o Módulo 6.
B57: Previdência Social: alíquota de 20%, conforme Lei n° 8.212, de 24 de julho de 1991, Decreto n° 3.048, de 06 de maio de 1999, e 1N RFB n° 971, de 13 de novembro de 2009, da Secretaria da Receita Federal do Brasil - SRF, considerando o código 7830-2 da Classificação Nacional de Atividades Econômicas - CNAE e o código 515 do Fundo da Previdência e Assistência Social - FPAS.
B58: Salário-Educação: alíquota de 2,5%, conforme Lei n° 8.212/1991, Decreto n° 3.048/1999, e IN RFB nº 971, de 2009, considerando o código 7830-2 da CNAE e o código 515 do FPAS.
B59: Grau de Incidência de Incapacidade Laborativa decorrente dos Riscos Ambientais do Trabalho - GIIL-RAT: alíquota de 3%, conforme Lei nº 8.212, de 1991, Decreto nº 3.048, de 1999, e IN RFB n° 971, de 2009, considerando o código 7830-2 da CNAE.
B60: Serviço Social do Comércio - SESC: alíquota de 1,5%, conforme Lei n° 8.212, de 1991, Decreto n° 3.048, de 1999, e 1N RFB n° 971, de 2009, considerando o código 7830-2 da CNAE e o código 515 do FPAS.
B61: Serviço Nacional de Aprendizagem Comercial - SENAC: alíquota de 1%, conforme Lei nº 8.212, de 1991, Decreto nº 3.048, de 1999, e 1N RFB nº 971, de 2009, considerando o código 7830-2 da CNAE e o código 515 do FPAS.
B62: Serviço Brasileiro de Apoio às Micro e Pequenas Empresas - SEBRAE: alíquota de 0,6%, conforme Lei n° 8.212, de 1991, Decreto n° 3.048, de 1999, e 1N RFB n° 971, de 2009, considerando o código 7830-2 da CNAE e o código 515 do FPAS.
B63: Instituto Nacional de Colonização e Reforma Agrária - INCRA: alíquota de 0,2%, conforme Lei n° 8.212, de 1991, Decreto n° 3.048, de 1999, e 1N RFB n° 971, de 2009, considerando o código 7830-2 da CNAE e o código 515 do FPAS.
B64: Fundo de Garantia do Tempo de Serviço - FGTS: alíquota de 8%, conforme Lei nº 8.036, de 11 de maio de 1990, Decreto nº 99.684, de 08 de novembro de 1990.
B66: Submódulo 2.3 - Benefícios Mensais e Diários.
E67: Aux. Adm. | F67: Analista Adm.
B68: 2.3 | C68: Benefícios Mensais e Diários | E68: Valor (R$) | F68: Valor (R$)
B69: A | C69: Auxílio Transporte | E69: ='CÁLCULO BENEFÍCIOS'!C68 -> 86.1828 | F69: ='CÁLCULO BENEFÍCIOS'!C69 -> -
B70: B | C70: Auxílio Alimentação | E70: ='CÁLCULO BENEFÍCIOS'!D68 -> 862.1613 | F70: ='CÁLCULO BENEFÍCIOS'!D69 -> 862.1613
B71: C | C71: Auxílio Saúde | E71: 0 | F71: 0
B72: D | C72: Seguro de Vida | E72: ='CÁLCULO BENEFÍCIOS'!F68 -> 10.5 | F72: ='CÁLCULO BENEFÍCIOS'!F69 -> 10.5
B73: E | C73: Assistência Odontológica | E73: 0
B74: F | C74: Cesta Básica | E74: 0 | F74: 0
B75: G | C75: Auxílio Morte Funeral | E75: 0 | F75: 0
B76: H | C76: Social/Familiar | E76: ='CÁLCULO BENEFÍCIOS'!J68 -> 21.88 | F76: ='CÁLCULO BENEFÍCIOS'!J69 -> 21.88
B77: I | C77: Auxílio Plano de Assistência e Cuidado Social | E77: 0 | F77: 0
B78: Total | E78: =SUM(E69:E77) -> 980.7241 | F78: =SUM(F69:F76) -> 894.5413
B79: Nota 1: O valor informado deverá ser o custo real do benefício (descontado o valor eventualmente pago pelo empregado). Nota 2: Observar a previsão dos benefícios contidos em Acordos, Convenções e Dissídios Coletivos de Trabalho e atentar-se ao disposto no art. 6º desta Instrução Normativa.
B80: Nota 2: Observar a previsão dos benefícios contidos em Acordos, Convenções e Dissídios Coletivos de Trabalho e atentar-se ao disposto no art. 6º da Instrução Normativa 05/2017
B81: Nota Equipe de Planejamento: Dias efetivamente trabalhados: consideram-se os dias efetivos da jornada de trabalho: 21 (vinte e um) dias para a jornada de 44 horas semanais. Adoção de 21 dias úteis no mês, para cálculo da estimativa de custo do Auxílio Alimentação e Vale-transporte, em decorrência dos seguintes aspectos: I - tendo como referência o Distrito Federal, apurou-se: 2021 - 251 dias úteis - média de 20,91 por mês; 2022 - 251 dias úteis - média de 20,91 por mês; 2023 - 249 dias úteis - média de 20,75 por mês; 2024 - 255 dias úteis - média de 21,25 por mês; 2025 - 254 dias úteis - média de 21,16 por mês; II - cita-se o Acórdão nº 1597/2010 - TCU/Plenário, que orienta pela adoção de 21 dias úteis por mês: "195. Considerando que no Brasil, ao computar os finais de semana e os feriados como dias não úteis, o número médio é de 21 dias úteis por mês, cada funcionário da contratada, ao regime de 8 horas diárias, trabalharia 168 horas (21x8) mensais ou 2016 horas anuais, totalizando 96 horas a menos do que as 2112 pagas por ano por funcionário."
B83: Quadro-Resumo do Módulo 2 - Encargos e Benefícios anuais, mensais e diários
E84: Aux. Adm. | F84: Analista Adm.
B85: 2 | C85: Encargos e Benefícios Anuais, Mensais e Diários | E85: Valor (R$) | F85: Valor (R$)
B86: 2.1 | C86: 13º (décimo terceiro) Salário, Férias e Adicional de Férias | E86: =E31 -> 400.21135 | F86: =F31 -> 749.70717
B87: 2.2 | C87: GPS, FGTS e outras contribuições (Incidência sobre Módulo 1 e Submódulo 2.1) | E87: =E17+E32 -> 854.35004 | F87: =F17+F32 -> 1600.4352
B88: 2.3 | C88: Benefícios Mensais e Diários | E88: =E78 -> 980.7241 | F88: =F78 -> 894.5413
B89: Total | E89: =SUM(E86:E88) -> 2235.2855 | F89: =SUM(F86:F88) -> 3244.6837
B90: Nota Equipe de Planejamento: Consolidamos aqui os valores do Submódulo 2.2 apurados sobre o Módulo 1 e Submódulo 2.1. Os valores das incidências do Submódulo 2.2 sobre os demais módulos ou submódulos foram calculados abaixo de cada um deles e foram consolidados respectivamente junto a seus totais.
B92: Módulo 3 - Provisão para Rescisão (Redação dada pela Instrução Normativa nº 7, de 2018)
E93: Aux. Adm. | F93: Analista Adm.
B94: 3 | C94: Provisão para Rescisão | D94: Percentual | E94: Valor (R$) | F94: Valor (R$)
B95: A | C95: Aviso Prévio Indenizado (5,55%) x (1/12) | D95: =(5.55%)*(1/12) -> 0.004625 | E95: =$D$95*E16 -> 9.0586175 | F95: =$D$95*F16 -> 16.96931
B96: B | C96: Incidência do FGTS sobre o Aviso Prévio Indenizado (8%) x (0,46%) | D96: =(8%*D95) -> 0.00037 | E96: =$D$96*E16 -> 0.7246894 | F96: =$D$96*F16 -> 1.3575448
B97: C | C97: Multa do FGTS sobre o Aviso Prévio Indenizado * | D97: =(0.08*0.4*0.9)*(1+0.0833+0.09075+0.03025) -> 0.03468384 | E97: =$D$97*E16 -> 67.932463 | F97: =$D$97*F16 -> 127.2564
B98: D | C98: Aviso Prévio Trabalhado [(1/30)*7]/12 | D98: =((1/30)*7)/12 -> 0.019444444 | E98: =$D$98*E16 -> 38.084278 | F98: =$D$98*F16 -> 71.342444
B99: E | C99: Incidência dos encargos do submódulo 2.2 sobre o Aviso Prévio Trabalhado | D99: =(D52*D98) -> 0.0069611111 | E99: =$D$99*E16 -> 13.634171 | F99: =$D$99*F16 -> 25.540595
B100: F | C100: Multa do FGTS sobre o Aviso Prévio Trabalhado * | D100: =(0.8*0.4*D99) -> 0.0022275556 | E100: =$D$100*E16 -> 4.3629349 | F100: =$D$100*F16 -> 8.1729904
B101: Total | D101: =SUM(D95:D100) -> 0.068311951 | E101: =SUM(E95:E100) -> 133.79715 | F101: =SUM(F95:F100) -> 250.63928
B102: Aviso Prévio Indenizado: (5,55%) x (1/12) = 0,46% incide sobre a base de cálculo que é o Total do Módulo 1 (Composição da Remuneração). O Percentual de 5,55% é um dado estatístico, em regra, utilizado, segundo o Acórdão TCU nº 1.904/2007. 1/12= (1 mês não trabalhado/12 meses) Fundamentação Legal: artigos 477 e 487 a 491 da CLT, a Lei nº 12.506, de 11 de outubro de 2011, e o Acórdão TCU nº 2.217/2010 - Plenário.
B103: Incidência do FGTS sobre o Aviso Prévio Indenizado: (8%) x (0,46%)=0,04% incide sobre a base de cálculo que é o Total do Módulo 1 (Composição da Remuneração) 8% = FGTS 0,46% = correspondem ao percentual do Aviso Prévio Indenizado Fundamentação Legal: Súmula nº 305 do TST e o Acórdão TCU nº 2.217/2010 - Plenário
B104: Multa do FGTS sobre o Aviso Prévio Indenizado: [0,08*0,40*0,9]*(1+0,0833+0,09075+0,03025) =3,47% incide sobre a base de cálculo que é o Total do Módulo 1 (Composição da Remuneração) (0,08) = Alíquota do FGTS (8%) (0,40) = Valor da Multa do FGTS indenizado (40%) (0,90) = 90% dos funcionários remanescentes (LC nº110/2001. Estudos CNJ – Resolução nº 98/2009) 1= remuneração integral (0,0833) = % do 13º salário (0,09075) = % de férias (definida pela IN nº 5) (0,03025) = % adicional de férias Em virtude da Lei nº 13.932, de 11 de dezembro de 2019 que extinguiu a cobrança da contribuição social de 10% (dez por cento) devida pelos empregadores em caso de despedida sem justa causa, instituída pela Lei Complementar nº 110, de 29 de junho de 2001, esse percentual não faz mais parte do cálculo da Multa do FGTS sobre o API. Fundamentação Legal: Lei nº 8.036, de 11 de maio de 1990 (artigo 18, § 1º) com redação dada pela Lei nº 9.491, de 9 de setembro de 1997 e a Lei nº 13.932, de 11 de dezembro de 2019.
B105: Aviso Prévio Trabalhado: [(1/30)*7]/12=1,94% incide sobre a base de cálculo que é o Total do Módulo 1 (Composição da Remuneração) 1 = remuneração integral 30 = número de dias no mês 7 = nº de dias de aviso prévio a que o empregado tem direito de se ausentar 12 = nº de meses no ano Fundamentação Legal: Constituição Federal de 1988, em seu artigo 7º, inciso XXI, e os artigos 477, 487 a 491 da CLT subsidiariamente os Acórdãos TCU nº 3.006/2010 e nº 1.094/2007 - Plenário
B106: Incidência dos encargos do submódulo 2.2 sobre o Aviso Prévio Trabalhado: (% do Submódulo 2.2) x (% Aviso Prévio Trabalhado)= 0,71% incide sobre a base de cálculo que é o Total do Módulo 1 (Composição da Remuneração)
B107: Multa do FGTS sobre o Aviso Prévio Trabalhado: [0,08 x 0,4] x [% Incidência dos Encargos do Submódulo 2.2] = 0,03 % incide sobre a base de cálculo OBS: (0,08) = Alíquota do FGTS (0,40) = Valor da Multa do FGTS trabalhado (% Incidência dos Encargos do Submódulo 2.2) = % do item E
B108: Nota 1 Equipe de Planejamento: * Em virtude da Lei nº 13.932, de 11 de dezembro de 2019 que extinguiu a cobrança da contribuição social de 10% (dez por cento) devida pelos empregadores em caso de despedida sem justa causa, instituída pela Lei Complementar nº 110, de 29 de junho de 2001, essa rubrica foi retirada na memória de cálculo das alíneas "C" e "F" seguindo as orientações do Ministério da Economia publicada no Comprasnet https://www.comprasgovernamentais.gov.br/index.php/noticias/1238-extincao-contribuicao-social-sobre-o-fgts.
...

Sheet CÁLCULO BENEFÍCIOS
B2: MEMÓRIA DE CÁLCULO DO SUBMÓDULO 2.3 - BENEFÍCIOS MENSAIS E DIÁRIOS
B4: CUSTO DA PASSAGEM
B5: Categoria | C5: Vr. Unitário | D5: Vales por dia | E5: Dias efetivamente trabalhados | F5: Custo total
B6: Apoio Administrativo - Nível Médio - TO | C6: 4.85 | D6: 2 | E6: 21 | F6: =C6*D6*E6 -> 203.7
B7: Apoio Administrativo - Nível Superior - TO | C7: 4.85 | D7: 2 | E7: 21 | F7: =C7*D7*E7 -> 203.7
B8: Valor unitário: valor da tarifa de ônibus na capital
B9: Valor do Vale: Conforme preço praticado em cada Capital.
B10: Vales por dia: quando não previstos na CCT, considera-se 02 (dois) vales transportes (ida e volta).
B11: Dias efetivamente trabalhados: consideram-se os dias efetivos da jornada de trabalho: 21 (vinte e um) dias para a jornada de 44 horas semanais. Adoção de 21 dias úteis no mês, para cálculo da estimativa de custo do Auxílio Alimentação e Vale-transporte, em decorrência dos seguintes aspectos: I - tendo como referência o Distrito Federal, apurou-se: 2021 - 251 dias úteis - média de 20,91 por mês; 2022 - 251 dias úteis - média de 20,91 por mês; 2023 - 249 dias úteis - média de 20,75 por mês; 2024 - 255 dias úteis - média de 21,25 por mês; 2025 - 254 dias úteis - média de 21,16 por mês; II - complementiamente, cita-se o Acórdão nº 1597/2010 - TCU/Plenário, que orienta pela adoção de 21 dias úteis por mês: "195. Considerando que no Brasil, ao computar os finais de semana e os feriados como dias não úteis, o número médio é de 21 dias úteis por mês, cada funcionário da contratada, ao regime de 8 horas diárias, trabalharia 168 horas (21x8) mensais ou 2016 horas anuais, totalizando 96 horas a menos do que as 2112 pagas por ano por funcionário."
B12: Custo total: valor mensal que será repassado ao empregado pelo empregador.
B14: DESCONTO DO VALE TRANSPORTE
B15: Categoria | C15: Base de cálculo | D15: Proporcionalidade | E15: Percentual | F15: Desconto
B16: Apoio Administrativo - Nível Médio - TO | C16: =POSTOS!E10 -> 1958.62 | D16: 1 | E16: 0.06 | F16: =C16*D16*E16 -> 117.5172
B17: Apoio Administrativo - Nível Superior - TO | C17: =POSTOS!F10 -> 3669.04 | D17: 1 | E17: 0.06 | F17: =C17*D17*E17 -> 220.1424
B19: CUSTO EFETIVO DO VALE TRANSPORTE
B20: Categoria | C20: Custo total | D20: Valor do desconto | E20: Custo efetivo
B21: Apoio Administrativo - Nível Médio - TO | C21: =F6 -> 203.7 | D21: =F16 -> 117.5172 | E21: =C21-D21 -> 86.1828
B22: Apoio Administrativo - Nível Superior - TO | C22: =F7 -> 203.7 | D22: =F17 -> 220.1424 | E22: =C22-D22 -> -16.4424
B24: AUXÍLIO ALIMENTAÇÃO
B25: Categoria | C25: Valor diário | D25: Dias efetivamente trabalhados | E25: Valor
B26: Apoio Administrativo - Nível Médio - TO | C26: 0 | D26: 21 | E26: 870.87
B27: Apoio Administrativo - Nível Superior - TO | C27: 0 | D27: 21 | E27: 870.87
B29: DESCONTO DO AUXÍLIO ALIMENTAÇÃO
B30: Categoria | C30: Base de cálculo | D30: Desconto Unitário | E30: Desconto
B31: Apoio Administrativo - Nível Médio - TO | C31: =E26 -> 870.87 | D31: 0 | E31: =C31*1% -> 8.7087
B32: Apoio Administrativo - Nível Superior - TO | C32: =E27 -> 870.87 | D32: 0 | E32: =C32*1% -> 8.7087
B34: CUSTO EFETIVO DO AUXÍLIO ALIMENTAÇÃO
B35: Categoria | C35: Custo total | D35: Desconto | E35: Custo efetivo
B36: Apoio Administrativo - Nível Médio - TO | C36: =E26 -> 870.87 | D36: =E31 -> 8.7087 | E36: =C36-D36 -> 862.1613
B37: Apoio Administrativo - Nível Superior - TO | C37: =E27 -> 870.87 | D37: =E32 -> 8.7087 | E37: =C37-D37 -> 862.1613
B39: BENEFÍCIO AUXÍLIO SAÚDE
B40: Categoria | C40: Custo total | D40: Desconto | E40: Custo efetivo
B41: Apoio Administrativo - Nível Médio - TO | C41: 0 | D41: 0 | E41: =C41-D41 -> 0
B42: Apoio Administrativo - Nível Superior - TO | C42: 0 | D42: 0 | E42: =C42-D42 -> 0
B44: SEGURO DE VIDA
B45: Categoria | C45: Custo total | D45: Desconto | E45: Custo efetivo
B46: Apoio Administrativo - Nível Médio - TO | C46: 12 | D46: 1.5 | E46: =C46-D46 -> 10.5
B47: Apoio Administrativo - Nível Superior - TO | C47: 12 | D47: 1.5 | E47: =C47-D47 -> 10.5
B49: BENEFÍCIO ASSISTÊNCIA ODONTOLÓGICA
B50: Categoria | C50: Custo total | D50: Desconto | E50: Custo efetivo
B51: Apoio Administrativo - Nível Médio - TO | C51: 0 | D51: 0 | E51: =C51-D51 -> 0
B52: Apoio Administrativo - Nível Superior - TO | C52: 0 | D52: 0 | E52: =C52-D52 -> 0
B54: BENEFÍCIO CESTA BÁSICA AMAZONAS
B55: Categoria | C55: Custo total | D55: Desconto | E55: Custo efetivo
B56: Apoio Administrativo - Nível Médio - AM | C56: 150 | D56: 0 | E56: =C56-D56 -> 150
B57: Apoio Administrativo - Nível Superior - AM | C57: 150 | D57: 0 | E57: =C57-D57 -> 150
B60: BENEFÍCIO AUXÍLIO MORTE/FUNERAL
B61: Categoria | C61: Custo total | D61: Desconto | E61: Custo efetivo
B62: Apoio Administrativo - Nível Médio - TO | C62: 21.88 | D62: 0 | E62: =C62-D62 -> 21.88
B63: Apoio Administrativo - Nível Superior - TO (Amparo Social) | C63: 21.88 | D63: 0 | E63: =C63-D63 -> 21.88
B66: SUBMÓDULO 2.3 - BENEFÍCIOS MENSAIS E DIÁRIOS
B67: Categoria | C67: Vale Transporte | D67: Vale Refeição | E67: Saúde | F67: Seguro Obrigatório | G67: Odontológica | H67: Cesta Básica | I67: Auxílio Morte/Funeral | J67: Social/Familiar | K67: Auxílio Plano de Assistência e Cuidado Social | L67: Total
B68: Apoio Administrativo - Nível Médio - TO | C68: =E21 -> 86.1828 | D68: =E36 -> 862.1613 | E68: =#REF! -> #REF! | F68: =E46 -> 10.5 | G68: =#REF! -> #REF! | H68: 0 | I68: 0 | J68: =C62 -> 21.88 | K68: 0 | L68: =SUM(C68:K68) -> #REF!
B69: Apoio Administrativo - Nível Superior - TO | C69: - | D69: =E37 -> 862.1613 | E69: 0 | F69: =E47 -> 10.5 | G69: 0 | H69: 0 | I69: 0 | J69: =C63 -> 21.88 | K69: 0 | L69: =SUM(C69:K69) -> 894.5413

Sheet RELÓGIO DE PONTO
B1: RELÓGIO DE PONTO
B2: ITEM | C2: QTD | D2: Un. Medida | E2: Valor Anual | F2: Valor Mensal por Posto
B3: Relógio Ponto - SEMS TO | C3: 1 | D3: Unidade | E3: 2200 | F3: =(E3/12)/15 -> 12.222222

Sheet BENEFÍCIOS ANÁLISE
B2: Convenções Coletivas de Trabalho | C2: Benefício | D2: Valor Unitário | E2: Valor Total | F2: Desconto | G2: Valor Devido | H2: Acostado na Planilha? | I2: Fundamentação
B3: CCT 2025/2026 TOCANTINS - TO000044/2025 | C3: Auxílio Alimentação | D3: 870.87 | E3: 870.87 | F3: =E3*1% -> 8.7087 | G3: =E3-F3 -> 862.1613 | H3: Sim | I3: AUXÍLIO ALIMENTAÇÃO CLÁUSULA DÉCIMA QUARTA - AUXÍLIO ALIMENTAÇÃO A todos os funcionários das empresas de asseio e conservação (exceto coletores de lixo) abrangidas pela presente convenção coletiva de trabalho, o auxílio alimentação passará a ser de R$ 870,87 (Oitocentos e Setenta Reais e Oitenta e Sete Centavos) mensal em 01/01/2025 a 31/12/2025. (...) Parágrafo 5° - As empresas terão o direito de descontar dos empregados, em seus contracheques mensais, o correspondente até 1% (um por cento) do valor total do auxílio concedido no mês de competência.
C4: Auxílio Transporte | D4: 4.85 | E4: =D4*2*21 -> 203.7 | F4: 6% (seis por cento),incidente sobre o salário base do trabalhador | G4: A depender do salário de cada cargo | H4: Sim | I4: CLÁUSULA DÉCIMA SEGUNDA - TRANSPORTE DE TRABALHADORES As empresas concederão a seus empregados na forma da Legislação vigente 02 (dois) vales-transportes por dia trabalhado, que lhes serão entregues obrigatoriamente, todos de uma só vez, juntamente com o pagamento do mês anterior. Tarifa de ônibus em Palmas/TO - R$ 4,85 - Decreto nº 2.693, de 30 de abril de 2025.
C5: Seguro de Vida | D5: 12 | E5: 12 | F5: 1.5 | G5: =E5-F5 -> 10.5 | H5: Sim | I5: SEGURO DE VIDA CLÁUSULA DÉCIMA SÉTIMA - SEGURO DE VIDA As empresas contratarão Seguro de Vida com Auxílio Funeral e Familiar em favor de todos os seus empregados, nos termos do convênio e da apólice de seguro Estipulada por: SINDICATO DAS EMPRESAS DE ASSEIO, CONSERVAÇÃO, LIMPEZA URBANA E TERCEIRIZAÇÃO DE MÃO-DE-OBRA DO ESTADO DO TOCANTINS SEAC-TO -. As empresas que já possuam seguro de vida para seus empregados poderão deduzir dos capitais segurados os deste seguro obrigatório. Parágrafo 1° – Para o pagamento do seguro ora estipulado, as empresas poderão descontar mensalmente, em folha de pagamento, até o limite de R$ 1,50 (um real e cinquenta centavos) do empregado, que será repassado à Seguradora, sendo que a diferença a maior será custeado integralmente pelas empresas, conforme contrato firmado com a Seguradora.
C6: Amparo Social | D6: 21.88 | E6: 21.88 | F6: 0 | G6: =E6-F6 -> 21.88 | H6: Sim | I6: OUTROS ADICIONAIS CLÁUSULA DÉCIMA TERCEIRA - AMPARO SOCIAL A entidade sindical prestará indistintamente a todos os trabalhadores subordinados a esta Convenção Coletiva de trabalho, amparos sociais em caso de: gestação, nascimento de filho, acidente, enfermidade, aposentadoria, cursos de capacitação, incapacitação permanente ou falecimento, conforme tabela de benefícios definida pelos sindicados e discriminada no Manual de Orientações e Regras, por meio de organização gestora especializada e aprovada pelas entidades sindicais convenentes. Parágrafo 1° - Para garantir a viabilidade financeira deste benefício e mediante o consentimento expresso da entidade sindical profissional, as empresas contribuirão compulsoriamente, a título de contribuição social, até o dia 20 (vinte) de cada mês, com o valor de R$ 21,88 (vinte e um reais e oitenta e oito centavos) por trabalhador registrado. O pagamento será realizado exclusivamente por meio de boleto bancário, disponibilizado pela gestora escolhida pelas entidades sindicais.
